APL (24 & UNDER)
SAVANNAH HOGS @ KENOSHA KINGFISH
08/10/2026
 
TOP OF THE 1ST
Savannah Hogs batting - Pitching for Kenosha Kingfish : RHP Ron Bartlett
Pitching: RHP Ron Bartlett
Batting: LHB Ivan Costello 0-0: Called Strike
0-1: Foul Ball, location: 2F
0-2: Strikes out swinging
Batting: LHB Jim Clemente 0-0: Swinging Strike
0-1: Ball
1-1: Ball
2-1: Foul Ball, location: 2F
2-2: Ground out 6-3 (Groundball, 6)
Batting: LHB Ramón Morales 0-0: Ball
1-0: Ball
2-0: Foul Ball, location: 2F
2-1: Called Strike
2-2: Ball
3-2: Base on Balls
Batting: RHB Sergio Moreno 0-0: Fly out, F4 (Popup, 34D)
Top of the 1st over - 0 run(s), 0 hit(s), 0 error(s), 1 left on base; Savannah 0 - Kenosha 0
BOTTOM OF THE 1ST
Kenosha Kingfish batting - Pitching for Savannah Hogs : RHP Mike Meeks
Pitching: RHP Mike Meeks
Batting: SHB Devin Smith 0-0: Ball
1-0: Fly out, F5 (Popup, 5)
Batting: SHB Alfonso Escasán 0-0: Ball
1-0: Ground out U3 (Groundball, 3)
Batting: RHB Francisco Martínez 0-0: Called Strike
0-1: Swinging Strike
0-2: Fly out, F5 (Popup, 56S)
Bottom of the 1st over - 0 run(s), 0 hit(s), 0 error(s), 0 left on base; Savannah 0 - Kenosha 0
TOP OF THE 2ND
Savannah Hogs batting - Pitching for Kenosha Kingfish : RHP Ron Bartlett
Batting: RHB Remi Eruzione 0-0: Ball
1-0: Fly out, F3 (Line Drive, 34)
Batting: LHB Pedro Medine 0-0: Ball
1-0: Foul Ball, location: 2F
1-1: Ball
2-1: Ball
3-1: Ground out 6-3 (Groundball, 6M)
Batting: RHB Ignacio Rangel 0-0: Ball
1-0: Called Strike
1-1: Swinging Strike
1-2: Strikes out swinging
Top of the 2nd over - 0 run(s), 0 hit(s), 0 error(s), 0 left on base; Savannah 0 - Kenosha 0
BOTTOM OF THE 2ND
Kenosha Kingfish batting - Pitching for Savannah Hogs : RHP Mike Meeks
Batting: LHB Richard Brooks 0-0: Ball
1-0: Ball
2-0: Called Strike
2-1: Ground out U3 (Groundball, 3)
Batting: SHB Júlio Valentín 0-0: Called Strike
0-1: Foul Ball, location: 2F
0-2: Foul Ball, location: 2F
0-2: Ball
1-2: DOUBLE (Line Drive, 7LM)
Batting: RHB Esteban Ayala 0-0: Ball
1-0: SINGLE (Groundball, 15S) (infield hit)
Júlio Valentín to third
Batting: SHB John Beach 0-0: Called Strike
0-1: Ball
1-1: Ball
2-1: Fly out, F4 (Popup, 4S)
Batting: RHB Sergio Mata 0-0: Swinging Strike
0-1: Ball
1-1: Ball
2-1: Swinging Strike
2-2: SINGLE (Groundball, 56D)
Júlio Valentín scores
Esteban Ayala to second
Batting: RHB José Vargas 0-0: Ball
1-0: Ball
2-0: Called Strike
2-1: Foul Ball, location: 2F
2-2: Fly out, F9 (Flyball, 89M)
Bottom of the 2nd over - 1 run(s), 3 hit(s), 0 error(s), 2 left on base; Savannah 0 - Kenosha 1
TOP OF THE 3RD
Savannah Hogs batting - Pitching for Kenosha Kingfish : RHP Ron Bartlett
Batting: RHB Anastasio Movonda 0-0: Ball
1-0: Fly out, F9 (Flyball, 9M)
Batting: RHB Ernesto Gómez 0-0: Called Strike
0-1: Foul Ball, location: 2F
0-2: Foul Ball, location: 2F
0-2: Foul Ball, location: 2F
0-2: Ground out 6-3 (Groundball, 6)
Batting: LHB Ivan Costello 0-0: Ball
1-0: Called Strike
1-1: Ball
2-1: Fly out, F7 (Popup, 56D)
Top of the 3rd over - 0 run(s), 0 hit(s), 0 error(s), 0 left on base; Savannah 0 - Kenosha 1
BOTTOM OF THE 3RD
Kenosha Kingfish batting - Pitching for Savannah Hogs : RHP Mike Meeks
Batting: SHB Devin Smith 0-0: Called Strike
0-1: Ball
1-1: Ground out 4-3 (Groundball, 4)
Batting: SHB Alfonso Escasán 0-0: Foul Ball, location: 2F
0-1: Ball
1-1: Ball
2-1: Swinging Strike
2-2: Ground out 6-3 (Groundball, 6)
Batting: RHB Francisco Martínez 0-0: Foul Ball, location: 2F
0-1: Ball
1-1: Foul Ball, location: 2F
1-2: Foul Ball, location: 2F
1-2: Foul Ball, location: 2F
1-2: Ball
2-2: SINGLE (Line Drive, 9S)
Batting: LHB Richard Brooks 0-0: Ball
1-0: Ball
2-0: Ball
3-0: Base on Balls
Francisco Martínez to second
Batting: SHB Júlio Valentín 0-0: Ground out 4-3 (Groundball, 4)
Bottom of the 3rd over - 0 run(s), 1 hit(s), 0 error(s), 2 left on base; Savannah 0 - Kenosha 1
TOP OF THE 4TH
Savannah Hogs batting - Pitching for Kenosha Kingfish : RHP Ron Bartlett
Batting: LHB Jim Clemente 0-0: Ball
1-0: Called Strike
1-1: Called Strike
1-2: Ball
2-2: Ground out 4-3 (Groundball, 4)
Batting: LHB Ramón Morales 0-0: Called Strike
0-1: Swinging Strike
0-2: Ball
1-2: Ball
2-2: Strikes out swinging
Batting: RHB Sergio Moreno 0-0: Called Strike
0-1: Ball
1-1: Fly out, F8 (Flyball, 8LM)
Top of the 4th over - 0 run(s), 0 hit(s), 0 error(s), 0 left on base; Savannah 0 - Kenosha 1
BOTTOM OF THE 4TH
Kenosha Kingfish batting - Pitching for Savannah Hogs : RHP Mike Meeks
Batting: RHB Esteban Ayala 0-0: Ball
1-0: Swinging Strike
1-1: Ball
2-1: Foul Ball, location: 2F
2-2: Ball
3-2: SINGLE (Groundball, 34D)
Batting: SHB John Beach 0-0: Ball
1-0: Ball
2-0: Called Strike
2-1: Grounds into double play, 4-6-3 (Groundball, 4)
Batting: RHB Sergio Mata 0-0: Foul Ball, location: 2F
0-1: Ball
1-1: Ball
2-1: Foul Ball, location: 2F
2-2: Strikes out swinging
Bottom of the 4th over - 0 run(s), 1 hit(s), 0 error(s), 0 left on base; Savannah 0 - Kenosha 1
TOP OF THE 5TH
Savannah Hogs batting - Pitching for Kenosha Kingfish : RHP Ron Bartlett
Batting: RHB Remi Eruzione 0-0: Fly out, F8 (Flyball, 8RM)
Batting: LHB Pedro Medine 0-0: Ball
1-0: Swinging Strike
1-1: Swinging Strike
1-2: Strikes out swinging
Batting: RHB Ignacio Rangel 0-0: Ball
1-0: Swinging Strike
1-1: Swinging Strike
1-2: Ground out 5-3 (Groundball, 56S)
Top of the 5th over - 0 run(s), 0 hit(s), 0 error(s), 0 left on base; Savannah 0 - Kenosha 1
BOTTOM OF THE 5TH
Kenosha Kingfish batting - Pitching for Savannah Hogs : RHP Mike Meeks
Batting: RHB José Vargas 0-0: Ground out 4-3 (Groundball, 4M)
Batting: SHB Devin Smith 0-0: Ball
1-0: Called Strike
1-1: SINGLE (Groundball, 4D)
Batting: SHB Alfonso Escasán 0-0: Ball
Devin Smith is caught stealing 2nd base
1-0: Called Strike
1-1: Ball
2-1: Swinging Strike
2-2: Ball
3-2: Ground out 4-3 (Groundball, 4)
Bottom of the 5th over - 0 run(s), 1 hit(s), 0 error(s), 0 left on base; Savannah 0 - Kenosha 1
TOP OF THE 6TH
Savannah Hogs batting - Pitching for Kenosha Kingfish : RHP Ron Bartlett
Batting: RHB Anastasio Movonda 0-0: Ball
1-0: Ball
2-0: DOUBLE (Line Drive, 89M) - OUT at third base trying to stretch hit.
Batting: RHB Ernesto Gómez 0-0: Called Strike
0-1: Hit by Pitch
Batting: LHB Ivan Costello 0-0: Called Strike
0-1: Ball
1-1: Called Strike
1-2: Ball
2-2: Fly out, F7 (Flyball, 7M)
Batting: LHB Jim Clemente 0-0: Ball
1-0: Ball
2-0: Foul Ball, location: 2F
2-1: Foul Ball, location: 2F
2-2: Ball
3-2: Strikes out looking
Top of the 6th over - 0 run(s), 1 hit(s), 0 error(s), 1 left on base; Savannah 0 - Kenosha 1
BOTTOM OF THE 6TH
Kenosha Kingfish batting - Pitching for Savannah Hogs : RHP Mike Meeks
Batting: RHB Francisco Martínez 0-0: SINGLE (Groundball, 34)
Batting: LHB Richard Brooks 0-0: Swinging Strike
0-1: Ball
1-1: Ball
2-1: Fly out, F7 (Line Drive, 7LM)
Batting: SHB Júlio Valentín 0-0: Foul Ball, location: 2F
0-1: Ball
1-1: Grounds into double play, 6-4-3 (Groundball, 6M)
Bottom of the 6th over - 0 run(s), 1 hit(s), 0 error(s), 0 left on base; Savannah 0 - Kenosha 1
TOP OF THE 7TH
Savannah Hogs batting - Pitching for Kenosha Kingfish : RHP Ron Bartlett
Batting: LHB Ramón Morales 0-0: Ball
1-0: Ball
2-0: Foul Ball, location: 2F
2-1: Foul Ball, location: 2F
2-2: Strikes out swinging
Batting: RHB Sergio Moreno 0-0: Called Strike
0-1: Ball
1-1: Foul Ball, location: 2F
1-2: Strikes out looking
Batting: RHB Remi Eruzione 0-0: Ball
1-0: Foul Ball, location: 2F
1-1: Foul Ball, location: 2F
1-2: Strikes out swinging
Top of the 7th over - 0 run(s), 0 hit(s), 0 error(s), 0 left on base; Savannah 0 - Kenosha 1
BOTTOM OF THE 7TH
Kenosha Kingfish batting - Pitching for Savannah Hogs : RHP Mike Meeks
Pitching: RHP Jorge Durán
Batting: RHB Esteban Ayala 0-0: Ground out 5-3 (Groundball, 56)
Batting: SHB John Beach 0-0: Swinging Strike
0-1: Ball
1-1: Foul Ball, location: 2F
1-2: Ball
2-2: SINGLE (Line Drive, 89S)
Pinch Hitting: LHB Carlton López 0-0: Foul Ball, location: 2F
0-1: Ball
1-1: Foul Ball, location: 2F
1-2: Ball
2-2: Foul Ball, location: 2F
2-2: Ball
3-2: Strikes out swinging
Batting: RHB José Vargas 0-0: Called Strike
0-1: Ball
1-1: Swinging Strike
1-2: Strikes out swinging
Bottom of the 7th over - 0 run(s), 1 hit(s), 0 error(s), 1 left on base; Savannah 0 - Kenosha 1
TOP OF THE 8TH
Savannah Hogs batting - Pitching for Kenosha Kingfish : RHP Ron Bartlett
Pitching: LHP Nick Clayton
Now at 1B: Doug Lutz
Batting: LHB Pedro Medine 0-0: Ball
1-0: Foul Ball, location: 2F
1-1: Called Strike
1-2: Fly out, F7 (Flyball, 7LS)
Pitching: RHP Paul Pothecary
Batting: RHB Ignacio Rangel 0-0: Called Strike
0-1: Ground out 4-3 (Groundball, 4)
Batting: RHB Anastasio Movonda 0-0: Called Strike
0-1: Foul Ball, location: 2F
0-2: Strikes out swinging
Top of the 8th over - 0 run(s), 0 hit(s), 0 error(s), 0 left on base; Savannah 0 - Kenosha 1
BOTTOM OF THE 8TH
Kenosha Kingfish batting - Pitching for Savannah Hogs : RHP Jorge Durán
Batting: SHB Devin Smith 0-0: Reached on error, E4 (Groundball, 4)
Batting: SHB Alfonso Escasán 0-0: Ball
1-0: Called Strike
1-1: Ball
2-1: Swinging Strike
2-2: DOUBLE (Line Drive, 9M)
Devin Smith scores
Batting: RHB Francisco Martínez 0-0: Foul Ball, location: 2F
0-1: Ball
1-1: Ball
2-1: DOUBLE (Line Drive, 9LM)
Alfonso Escasán scores
Batting: LHB Richard Brooks 0-0: Ball
1-0: Ball
2-0: Ball
3-0: Called Strike
3-1: Base on Balls
Batting: SHB Júlio Valentín 0-0: Foul Ball, location: 2F
0-1: Ball
1-1: Ball
2-1: Fly out, F9 (Flyball, 9LS)
Batting: RHB Esteban Ayala 0-0: Foul Ball, location: 2F
0-1: Ball
1-1: Fly out, F7 (Flyball, 7M)
Batting: SHB John Beach 0-0: Ball
1-0: Ground out 4-3 (Groundball, 4)
Bottom of the 8th over - 2 run(s), 2 hit(s), 1 error(s), 2 left on base; Savannah 0 - Kenosha 3
TOP OF THE 9TH
Savannah Hogs batting - Pitching for Kenosha Kingfish : RHP Paul Pothecary
Pitching: RHP Edwin Manning
Batting: RHB Ernesto Gómez 0-0: Foul Ball, location: 2F
0-1: Ball
1-1: Ground out 5-3 (Groundball, 5L)
Batting: LHB Ivan Costello 0-0: Ball
1-0: Ball
2-0: Ball
3-0: Called Strike
3-1: Base on Balls
Batting: LHB Jim Clemente 0-0: Called Strike
0-1: Ball
1-1: SINGLE (Groundball, 34D)
Ivan Costello to second
Runner from 2nd tries for 3rd, SAFE, throw made to third
Batting: LHB Ramón Morales 0-0: Ball
1-0: Called Strike
1-1: Called Strike
1-2: Foul Ball, location: 2F
1-2: SINGLE (Groundball, 6M) (infield hit)
Ivan Costello scores
Jim Clemente to second
Batting: RHB Sergio Moreno 0-0: Called Strike
0-1: Ground out 5-3 (Groundball, 5S)
Jim Clemente to third
Ramón Morales to second
Pinch Hitting: LHB Juan Delgado 0-0: Hit by Pitch
Batting: LHB Pedro Medine 0-0: DOUBLE (Line Drive, 9LS)
Jim Clemente scores
Ramón Morales scores
Juan Delgado to third
Runner from 3rd tries for Home, SAFE, no throw or cutoff
Pitching: LHP Flint Williams
Pinch Hitting: RHB Javier Músquez 0-0: Called Strike
0-1: Ball
1-1: Swinging Strike
1-2: Fly out, F9 (Flyball, 9S)
Top of the 9th over - 4 run(s), 3 hit(s), 0 error(s), 1 left on base; Savannah 4 - Kenosha 3
BOTTOM OF THE 9TH
Kenosha Kingfish batting - Pitching for Savannah Hogs : RHP Jorge Durán
Pitching: RHP Álex Solano
Now in LF: Guillermo González
Now in CF: Júlio Macías
Batting: RHB Doug Lutz 0-0: Called Strike
0-1: Ball
1-1: SINGLE (Groundball, 34D) (infield hit)
Batting: RHB José Vargas 0-0: Ball
1-0: Ball
2-0: DOUBLE (Line Drive, 9LM)
Doug Lutz to third
Batting: SHB Devin Smith 0-0: Called Strike
0-1: Swinging Strike
0-2: Strikes out swinging
Batting: SHB Alfonso Escasán 0-0: Ball
1-0: Called Strike
1-1: Called Strike
1-2: Ball
2-2: Foul Ball, location: 2F
2-2: Strikes out looking
Batting: RHB Francisco Martínez 0-0: Ball
1-0: Called Strike
1-1: Ball
2-1: Ball
3-1: Foul Ball, location: 2F
3-2: Foul Ball, location: 2F
3-2: SINGLE (Line Drive, 4D)
Doug Lutz scores
José Vargas to third
José Vargas scores
Monday, December 5th, 2016 - OOTP Baseball 17.12 Build 75